 Dungeon Crawl Stone Soup version 0.27-a0-1081-ge8a0a9c698 (webtiles) character file.

Game seed: 16463658666804370976

73 scammafunk the Insei (level 4, 0/42 HPs)
             Began as an Octopode Transmuter on Apr 25, 2021.
             Slain by an orc
             ... wielding a +0 hand axe
              (2 damage)
             ... on level 2 of the Dungeon.
             The game lasted 00:04:23 (3060 turns).

scammafunk the Insei (Octopode Transmuter)          Turns: 3060, Time: 00:04:23

Health: 0/42       AC:  1    Str:  9    XL:     4   Next: 27%
Magic:  4/7        EV: 13    Int: 16    God:
Gold:   117        SH:  0    Dex: 12    Spells: 4/7 levels left

rFire    . . .     SeeInvis .     - Unarmed
rCold    . . .     Faith    .   (no shield)
rNeg     . . .     Spirit   .   (helmet currently unavailable)
rPois    +         Reflect  .   (no amulet)
rElec    .         Harm     .   d - ring of poison resistance
rCorr    .         Rampage  .   (no ring)
Will     .....                  (no ring)
Stlth    ..........             (no ring)
HPRegen  0.14/turn              (no ring)
MPRegen  0.10/turn              (no ring)
                                (no ring)
                                (no ring)

@: berserking, appendages, wereblooded, very quick
A: tentacle spike 3, almost no armour, amphibious, 8 rings, camouflage 1,
gelatinous body 1, (nimble swimmer 1), tentacles
a: End Transformation


You were on level 2 of the Dungeon.
One of your tentacles had grown a beastly spike.
You visited 1 branch of the dungeon, and saw 3 of its levels.

You collected 117 gold pieces.

Inventory:

Jewellery
 d - a ring of poison resistance (left tentacle)
 g - an amulet of reflection
Wands
 j - a wand of iceblast (6)
Scrolls
 e - 2 scrolls of identify
Potions
 a - a potion of lignification {unknown}
 b - a potion of flight
 c - a potion of might {unknown}
 f - a potion of invisibility {unknown}
 h - a potion of brilliance {unknown}
 i - a potion of berserk rage


   Skills:
 + Level 1.1 Fighting
 + Level 2.2 Dodging
 + Level 1.4 Stealth
 + Level 3.9 Unarmed Combat
 + Level 2.4 Spellcasting
 + Level 2.7 Transmutations


You had 4 spell levels left.
You knew the following spells:

 Your Spells              Type           Power      Damage    Failure   Level
a - Beastly Appendage     Tmut           20%        N/A       7%          1
b - Wereblood             Tmut           10%        N/A       10%         2

Your spell library contained the following spells:

 Spells                   Type           Power      Damage    Failure   Level
 Animate Skeleton         Necr           2%         N/A       21%         1
 Pain                     Necr           4%         1d4       21%         1
 Spider Form              Tmut/Pois      3%         N/A       34%         3
 Vampiric Draining        Necr           0%         2d6       52%         3
 Ice Form                 Ice/Tmut       6%         N/A       75%         4
 Animate Dead             Necr           0%         N/A       89%         4
 Hydra Form               Tmut           5%         N/A       88%         5
 Agony                    Necr           1%         N/A       99%         5


Dungeon Overview and Level Annotations

Branches:
Dungeon (3/15)

Altars:


Innate Abilities, Weirdness & Mutations

One of your tentacles has grown a beastly spike.
You cannot wear most types of armour.
You are amphibious.
You can wear up to eight rings at the same time.
Your skin changes colour to match your surroundings (Stealth+).
Your rubbery body absorbs attacks. (AC +1, EV +1)
((You are camouflaged near water. (Stealth+)))
You have tentacles for arms and can constrict up to eight enemies at once.


Message History

The orc wizard hits you with a +0 dagger.
The orc misses you. The orc wizard barely misses you.
The orc hits you with a +0 flail!
You climb upwards.
There is a stone staircase leading down here.
Casting: Beastly Appendage (safe; 7% risk of failure)
Confirm with . or Enter, or press ? or * to list all spells.
Your blood is infused with primal strength.
The orc wizard closely misses you. The orc closely misses you.
One of your tentacles grows a vicious spike.
The orc hits you with a +0 hand axe!
The orc wizard gestures at you while chanting.
The magic dart hits you!
* * * LOW HITPOINT WARNING * * *
It was a potion of berserk rage.
A red film seems to cover your vision as you go berserk!
You feel yourself moving faster!
You feel mighty! The orc barely misses you.
The orc wizard hits you with a +0 dagger.
* * * LOW HITPOINT WARNING * * *
You are too berserk!
You are too berserk!
You barely miss the orc. You grab the orc.
You pierce the orc, but do no damage.
You squeeze the orc, but do no damage.
You constrict the orc, but do no damage.
You tentacle-slap the orc.
The orc is lightly wounded.
You constrict the orc, but do no damage.
The orc wizard hits you with a +0 dagger.
* * * LOW HITPOINT WARNING * * *
The orc barely misses you.
You bludgeon the orc wizard! You grab the orc wizard.
Your squeeze misses the orc wizard.
The orc wizard is severely wounded.
You constrict the orc wizard.
You constrict the orc, but do no damage.
You bludgeon the orc wizard!
You kill the orc wizard!
You howl as the wereblood boils in your veins!
You constrict the orc. The orc hits you with a +0 hand axe.
You die...

#......#.....## #.#
#.##.#.##....# ###.#
#.##.#.###.#.### #...#
#.>..#.# #.....# #.###
#..###.# #.....# #..#
#..###.# #.....# ##.#
#.....o# #.....# #.#
#..###o# #>....# #.#
#..###@# ####### #.#
#...##o# ##### #.#
#....#.######...# #.#
#..#.#.##.)...#.# #.#
###..#........#...###.#
#....#....#.#.##......#
#.#######.#.#.#########
#....#......#.#
####.#.##.###.#


You could see an orc wizard and 2 orcs.

Vanquished Creatures
  An orc wizard (D:2)
  3 adders (D:2)
  2 worms (D:2)
  5 ball pythons
  4 endoplasms (D:2)
  2 giant cockroaches (D:2)
  2 goblins (D:2)
  3 hobgoblins
  3 jackals (D:2)
  6 kobolds
  2 quokkas
  3 bats
  2 frilled lizards (D:2)
  2 rats
40 creatures vanquished.

Notes
Turn   | Place    | Note
-------+----------+-------------------------------------------
     0 | D:1      | scammafunk the Octopode Transmuter began the quest for the
                  | Orb.
     0 | D:1      | Reached XP level 1. HP: 13/13 MP: 3/3
   683 | D:1      | Reached XP level 2. HP: 3/18 MP: 3/5
  1413 | D:2      | Reached XP level 3. HP: 7/23 MP: 4/6
  1674 | D:2      | Reached skill level 1 in Stealth
  1688 | D:2      | HP: 1/23 [quokka (3)]
  1996 | D:2      | Learned a level 2 spell: Wereblood
  2148 | D:2      | Reached XP level 4. HP: 10/28 MP: 7/7
  3058 | D:2      | HP: 2/42 [orc wizard/+0 dagger (2)]
  3060 | D:2      | Slain by an orc

Illustrated notes

Levels and vault maps discovered:
D:1:      onia_arrival_mini_spirals, layout_loops_ring,
          amcnicky_mini_corridor_feature, solitary_fountain, nrook_mini_vaults
D:2:      layout_loops_cross, minivault_27, minmay_randomly_rotated_circles
D:3:      layout_basic, nicolae_qazlal_scattered_showers

Skill      XL: |  1  2  3 |
---------------+----------+-----
Stealth        | 1 |  1.4
Fighting       | |  1.1
Dodging        | |  2.2
Unarmed Combat | |  3.9
Spellcasting   | |  2.4
Transmutations | |  2.7

Action                   |  1- 3 |  4- 6 || total
-------------------------+-------+-------++-------
Melee: Unarmed           |    62 |    35 ||    97
       Constrict         |    18 |    10 ||    28
       Kick              |    12 |     5 ||    17
       Tentacles         |     9 |     7 ||    16
       Punch             |     1 |       ||     1
 Cast: Beastly Appendage |    13 |     5 ||    18
       Wereblood         |       |     1 ||     1
  Use: Scroll            |     2 |       ||     2
       Potion            |       |     1 ||     1
 Stab: Sleeping          |     4 |     2 ||     6
Armor: Skin              |     9 |     1 ||    10
Dodge: Dodged            |    30 |    30 ||    60

Table legend: (Time is in decaauts)
 A = Elapsed time spent in this place.
 B = Non-inter-level travel time spent in this place.
 C = Inter-level travel time spent in this place.
 D = Time resting spent in this place.
 E = Time spent auto-exploring this place.
 F = Levels seen in this place.
 G = Mean time per level.
                   A        B        C        D        E       F      G
               +--------+--------+--------+--------+--------+-----+--------+
         Total |   3052 |   3005 |     47 |    311 |   2308 |   3 | 1017.3 |
       Dungeon |   3052 |   3005 |     47 |    311 |   2308 |   3 | 1017.3 |
               +--------+--------+--------+--------+--------+-----+--------+

Top non-repeatable levels by time:
     D:2: 1734 daAuts
     D:1: 1316 daAuts
     D:3: 1 daAuts
